AoeStats
← KG.专业开脑壳

Arena

507718905Analyzed
3v3 RM · 11d ago on Sep 19, 2026· 58m 37s· 6 players
Game mode
Random Map
Map size
Normal (6 player)
Population
200
Speed
Normal
Resources
Standard
Victory
Conquest
Starting age
Dark Age
Ending age
Imperial Age
RankedLock teamsTeams togetherTeam positionsShared explorationLock speedFull tech treeHidden civsTurbo modeCheats
Victory
Defeat
🇹🇷 Dravidians · Türkiye
1194
+15
🇲🇽 Celts · Mexico
1138
+17
🇯🇵 Aztecs · Japan
1113
+19
🇯🇵 Japanese · Japan
1200
-18
🇨🇳 Italians · China
1173
-17
🇨🇳 Mongols · China
1142
-16
KG.专业开脑壳
10:13 Feudal Age
12:04 Loom
15:00 Castle Age
13:14 Double-Bit Axe
13:12 Horse Collar
17:14 Bow Saw
18:22 Wheelbarrow
20:03 Stone Mining
22:13 Heavy Plow
28:05 Imperial Age
25:35 Gold Mining
26:40 Fletching
26:50 Padded Archer Armor
26:44 Town Watch
27:51 Ballistics
28:14 Stone Shaft Mining
28:06 Bodkin Arrow
28:37 Leather Archer Armor
30:24 Chemistry
29:47 Bracer
31:19 Ring Archer Armor
32:17 Scale Barding Armor
32:23 Forging
008062
9:45 Feudal Age
11:51 Loom
14:52 Castle Age
13:25 Double-Bit Axe
13:22 Horse Collar
15:03 Wheelbarrow
22:48 Fervor
31:21 Imperial Age
29:31 Hand Cart
29:01 Town Watch
29:51 Town Patrol
30:41 Bow Saw
31:13 Fletching
31:24 Padded Archer Armor
31:35 Forging
31:31 Scale Barding Armor
31:24 Murder Holes
31:40 Masonry
34:43 Bodkin Arrow
35:04 Leather Archer Armor
35:24 Iron Casting
35:47 Bracer
36:07 Chain Barding Armor
36:00 Gold Mining
36:00 Stone Mining
36:32 Ballistics
36:35 Conscription
38:50 Blast Furnace
39:18 Bloodlines
39:08 Husbandry
38:28 Light Cavalry
39:15 Thumb Ring
40:28 Elite Mangudai
41:28 Hussar
44:18 Heavy Plow
45:36 Nomads
45:57 Drill
48:22 Chemistry
48:38 Onager
48:40 Capped Ram
only vills
10:21 Feudal Age
10:06 Loom
14:27 Castle Age
13:47 Fletching
15:17 Bodkin Arrow
18:20 Guard Tower
20:00 Yasama
21:40 Gold Mining
23:31 Gold Shaft Mining
29:51 Imperial Age
28:34 Ballistics
31:09 Bracer
Barba_Tiesa
7:43 Loom
9:48 Feudal Age
10:28 Double-Bit Axe
11:06 Horse Collar
12:19 Wheelbarrow
12:11 Man-at-Arms
14:51 Town Watch
22:07 Castle Age
20:32 Stone Mining
20:32 Gold Mining
23:04 Hand Cart
23:01 Bow Saw
22:51 Heavy Plow
25:05 Fletching
26:26 Scale Mail Armor
28:12 Chain Mail Armor
29:30 Forging
33:54 Imperial Age
35:21 Onager
38:19 Fortified Wall
38:19 Masonry
41:39 Plate Mail Armor
41:44 Iron Casting
41:56 Stone Shaft Mining
41:56 Gold Shaft Mining
41:21 Capped Ram
42:44 Pikeman
42:46 Long Swordsman
43:11 Gambesons
43:17 Siege Ram
46:07 Halberdier
47:49 Blast Furnace
48:13 Conscription
48:25 Furor Celtica
50:32 Siege Onager
52:09 Siege Engineers
54:25 Chemistry
57:14 Spies/Treason
ikaradayi976
10:38 Feudal Age
14:55 Castle Age
13:03 Double-Bit Axe
13:10 Horse Collar
16:11 Bow Saw
16:08 Heavy Plow
16:29 Bow Saw
18:13 Wheelbarrow
21:25 Gold Mining
23:55 Fletching
24:08 Loom
25:07 Bodkin Arrow
26:52 Medical Corps
27:27 Bodkin Arrow
28:07 Padded Archer Armor
32:12 Imperial Age
31:07 Leather Archer Armor
31:00 Thumb Ring
34:15 Conscription
35:27 Two-Man Saw
35:18 Bracer
35:49 Ring Archer Armor
36:57 Hand Cart
36:28 Town Watch
36:18 Elite Elephant Archer
39:36 Chemistry
40:28 Ballistics
39:38 Siege Elephant
42:05 Scale Mail Armor
42:15 Forging
42:08 Pikeman
42:48 Squires
45:09 Chain Mail Armor
45:29 Iron Casting
45:24 Wootz Steel
46:59 Plate Mail Armor
46:44 Arson
48:28 Blast Furnace
47:43 Fortified Wall
47:44 Masonry
48:04 Stone Mining
48:39 Halberdier
50:37 Elite Skirmisher
Walter2000
11:23 Feudal Age
15:01 Castle Age
13:13 Double-Bit Axe
13:12 Horse Collar
14:48 Loom
16:14 Bow Saw
16:06 Heavy Plow
19:44 Wheelbarrow
19:57 Fervor
19:59 Fletching
20:20 Gold Mining
20:56 Sanctity
22:20 Scale Mail Armor
23:03 Arson
24:43 Forging
24:37 Squires
26:08 Iron Casting
25:49 Chain Mail Armor
30:44 Imperial Age
28:49 Bodkin Arrow
28:54 Padded Archer Armor
30:35 Hand Cart
30:06 Town Watch
31:59 Bracer
32:15 Leather Archer Armor
31:39 Elite Skirmisher
32:48 Atlatl
33:09 Conscription
37:18 Blast Furnace
36:48 Plate Mail Armor
37:47 Garland Wars
38:12 Gold Shaft Mining
40:34 Ballistics
41:15 Chemistry
40:20 Siege Engineers
42:04 Redemption
44:14 Stone Mining
46:38 Elite Jaguar Warrior
50:49 Spies/Treason
Connection lost

Rejoining the realm…

Still unreachable

The connection could not be restored.

Session expired

The server has moved on; the page needs a fresh start.